 Dungeon Crawl Stone Soup version 0.29-a0-284-gf9362112df (webtiles) character file.

Game seed: 6970680070587551960

20218 mistaj the Peltast (level 13, -2/104 HPs)
             Began as a Formicid Fighter on Mar 22, 2022.
             Was a Priest of the Shining One.
             Killed from afar by a hellion (35 damage)
             ... with damnation
             ... on level 2 of the Abyss on Mar 23, 2022.
             The game lasted 00:39:06 (12795 turns).

mistaj the Peltast (Formicid Fighter)              Turns: 12795, Time: 00:39:06

Health: -2/104     AC: 10    Str: 25    XL:     13   Next: 10%
Magic:  13/13      EV: 13    Int: 16    God:    the Shining One [***...]
Gold:   633        SH: 18    Dex:  6    Spells: 12/12 levels left

rFire   . . .      SeeInvis +   K - +10 battleaxe of the Building Blowfly {vorpal, rPois rF- Int+3}
rCold   + . .      Faith    .   v - +1 tower shield
rNeg    + + .      Spirit   .   l - +3 ring mail of the Gloaming {Will+ Regen+ Int+4}
rPois   +          Reflect  .   (helmet unavailable)
rElec   .          Harm     .   a - scarf {rC+ rF+}
rCorr   .          Rampage  .   (no gloves)
Will    ++...                   p - +0 pair of boots
Stlth   ..........              k - amulet of regeneration
HPRegen 1.87/turn               o - +4 ring of evasion
MPRegen 0.13/turn               y - ring of positive energy

@: glowing
A: permanent stasis, dig shafts and tunnels, antennae 3, four strong arms,
[clumsy 2], [screaming 2]
a: Dig, Shaft Self, Renounce Religion, Divine Shield, Cleansing Flame


You were on level 2 of the Abyss.
You worshipped the Shining One.
The Shining One was most pleased with you.
You visited 3 branches of the dungeon, and saw 13 of its levels.
You visited the Abyss 1 time.
You also visited: Ossuary.

You collected 1650 gold pieces.
You spent 1017 gold pieces at shops.

Inventory:

Hand Weapons
 c - a +2 war axe of electrocution
 G - a +1 halberd of flaming
 K - the +10 battleaxe of the Building Blowfly (weapon) {vorpal, rPois rF- Int+3}
   (You bought it in a shop on level 5 of the Dungeon)

   It inflicts extra damage upon your enemies.
   Int:       It affects your intelligence (+3).
   rF:        It makes you vulnerable to fire.
   rPois:     It protects you from poison.
 P - a +3 eveningstar
Missiles
 i - 2 throwing nets
Armour
 a - a scarf of resistance (worn)
 e - the +1 buckler of Watchfulness {rC+ Will+ Int+3}
   (You found it on level 5 of the Dungeon)

   Int:       It affects your intelligence (+3).
   rC:        It protects you from cold.
   Will:      It increases your willpower.
 l - the +3 ring mail of the Gloaming (worn) {Will+ Regen+ Int+4}
   (You found it on level 2 of the Dungeon)

   Int:       It affects your intelligence (+4).
   Regen:     It increases your rate of health regeneration.
   Will:      It increases your willpower.
 p - a +0 pair of boots (worn)
 v - a +1 tower shield (worn)
 F - the +2 ring mail "Zeshrum" {rCorr}
   (You found it on level 5 of the Dungeon)

   rCorr:     It protects you from acid and corrosion.
Jewellery
 h - an amulet of guardian spirit
 k - an amulet of regeneration (around neck)
 o - a +4 ring of evasion (left hand)
 y - a ring of positive energy (right hand)
 I - a ring of ice
Wands
 r - a wand of flame (25)
 w - a wand of polymorph (13)
 A - a wand of charming (1)
 L - a wand of acid (5)
 N - a wand of iceblast (1)
 Q - a wand of paralysis (8)
Scrolls
 b - 3 scrolls of magic mapping
 n - a scroll of fog
 B - 3 scrolls of enchant armour
 C - 3 scrolls of summoning
 E - a scroll of amnesia
 M - 3 scrolls of enchant weapon {unknown}
 O - 2 scrolls of identify
Potions
 d - 4 potions of might
 f - 4 potions of lignification
 g - a potion of magic {unknown}
 j - 4 potions of resistance
 m - 3 potions of ambrosia
 q - 7 potions of curing
 s - a potion of berserk rage {unknown}
 t - 3 potions of mutation
 u - 2 potions of heal wounds
 x - 3 potions of brilliance {unknown}
 z - 4 potions of attraction
 D - 2 potions of flight {unknown}
 H - a potion of cancellation {unknown}
 J - 3 potions of invisibility {unknown}


   Skills:
 - Level 10.5 Fighting
 * Level 12.5(12.9) Axes
 - Level 4.9(9.5) Maces & Flails
 + Level 4.2 Armour
 * Level 15.7 Shields


You had 12 spell levels left.
You didn't know any spells.
Your spell library contained the following spells:

 Spells                   Type           Power      Damage    Failure   Level
 Animate Skeleton         Necr           0%         N/A       67%         1
 Apportation              Tloc           0%         N/A       67%         1
 Summon Small Mammal      Summ           0%         N/A       67%         1
 Call Canine Familiar     Summ           0%         N/A       96%         3
 Portal Projectile        Hex/Tloc       0%         N/A       96%         3
 Hailstorm                Conj/Ice       0%         3d3       100%        4
 Ice Form                 Ice/Tmut       0%         N/A       100%        4
 Leda's Liquefaction      Hex/Erth       0%         N/A       100%        4
 Simulacrum               Ice/Necr       0%         N/A       100%        6
 Storm Form               Tmut/Air       0%         N/A       100%        7


Dungeon Overview and Level Annotations

Branches:
Dungeon (10/15)            Temple (1/1) D:5            Lair (2/6) D:10
 Spider (0/4) Lair:2          Orc (0/2) D:10        Ossuary (visited)
  Swamp: Lair:2-4    Shoals: Lair:2-4

Altars:
Ashenzari
Cheibriados
Dithmenos
Elyvilon
Fedhas
Gozag
Hepliaklqana
Kikubaaqudgha
Makhleb
Nemelex Xobeh
Okawaru
Qazlal
Ru
Sif Muna
Trog
Uskayaw
Vehumet
Wu Jian
Xom
Yredelemnul
Zin
The Shining One

Shops:
D:4 :   D:5 (   D:7 *   D:9 *

Annotations:
Lair:2 Sonja


Innate Abilities, Weirdness & Mutations

You cannot be hasted, slowed, berserked, paralysed or teleported.
You can dig through walls and to a lower floor.
You have a pair of large antennae on your head. (SInv)
Your four strong arms can wield two-handed weapons with a shield.
[You are very clumsy. (Dex -4)]
[You frequently scream uncontrollably at your foes.]


Message History

2 starspawn tentacles come into view.
You block the thrashing horror's attack. x2
The thrashing horror roars!
You block the thrashing horror's attack.
The thrashing horror tramples you but does no damage.
The thrashing horror barely misses you.
The thrashing horror completely misses you.
A spatial vortex comes into view.
The thrashing horror attacks as you move away!
You block the thrashing horror's attack.
The thrashing horror tramples you.
You block the thrashing horror's attack.
The thrashing horror misses you.
A spatial vortex comes into view.
You block the thrashing horror's attack.
The thrashing horror misses you.
The raiju bursts into living lightning!
The living lightning hits the spatial maelstrom.
The spatial maelstrom resists.
The living lightning misses you.
The raiju blinks! x3
You block the spatial maelstrom's attack. x2
The vampire mage mumbles some strange words.
The vampire mage flickers and vanishes for a moment.
The raiju bursts into living lightning!
The living lightning hits the spatial maelstrom.
The spatial maelstrom resists.
The living lightning hits you!
The raiju blinks!
The spatial maelstrom hits you. Space warps horribly around you!
* * * LOW HITPOINT WARNING * * *
The spatial maelstrom hits you but does no damage.
An ice beast comes into view.
A spatial vortex comes into view.
You block the spatial maelstrom's attack. x2
The thrashing horror closely misses you.
The thrashing horror tramples you but does no damage.
You block the thrashing horror's attack. x2
The thrashing horror roars!
You block the thrashing horror's attack. x2
The hellion gestures at you.
The sphere of damnation explodes!
The damnation engulfs you!!
You die...

.#.#. ...##.
... .. ..#.. #
#..#. ..#.## .#
.#..#.#
#....#.#
.....#.
.{.#...#
#...##...# ##
#.#Yh...# #..
##.v2...##.##.
#@##.v.v{....
#....#.v.#.#.#.
####v.#.....##
# #.###..#{.##
.# # #.h....#.
# ###{###..###.
.
#.{.V{{####.##.
####.X──##. .
...
#...{.w#...##X


You could see a spatial maelstrom, a spatial vortex, a hellion, a raiju and an
ice beast.

Vanquished Creatures
  A hydra (Lair:1)
  Fannar (Lair:1)
  3 two-headed ogres
  Urug (D:10)
  3 large abominations (Abyss:2)
  A smoke demon (Abyss:2)
  Maggie (D:8)
  5 cane toads
  A komodo dragon (Lair:1)
  An ancient zyme (Abyss:2)
  A rime drake (Lair:1)
  A polar bear (Lair:1)
  Prince Ribbit (D:7)
  15 blink frogs
  2 jumping spiders (Lair:2)
  25 yaks
  Sigmund (D:2)
  A basilisk (Lair:1)
  Grum (D:9)
  Edmund (D:4)
  Menkaure (D:7)
  A small abomination (Abyss:2)
  3 acid dragons
  4 water moccasins
  A black bear (D:10)
  An ice beast (D:8)
  2 sky beasts (D:6)
  10 orc warriors
  6 wolves (Lair:2)
  2 centaurs (D:10)
  2 ogres
  2 kobold brigands
  6 bullfrogs
  2 gnoll sergeants
  9 water moccasin zombies (Ossuary)
  3 scorpions
  8 killer bees
  6 howler monkeys
  2 electric eels (D:10)
  A jelly (D:7)
  4 gnoll shamans
  8 orc priests
  14 hounds
  Ijyb (D:4)
  4 iguanas
  12 orc wizards
  5 hell rats (Lair:1)
  2 mummies (Ossuary)
  17 gnolls
  13 adders
  A shadow imp (D:6)
  4 white imps
  2 ufetubi
  4 adder zombies (Ossuary)
  3 worms
  46 orcs
  10 ball pythons
  12 endoplasms
  4 giant cockroaches
  4 hobgoblins
  2 jackals (D:1)
  15 kobolds
  3 quokkas
  5 bats
  4 frilled lizards
  8 gnoll zombies (Ossuary)
  6 goblins
  6 hobgoblin zombies (Ossuary)
  5 kobold zombies (Ossuary)
  5 orc zombies (Ossuary)
  8 rats
  A bush (D:10)
377 creatures vanquished.

Vanquished Creatures (others)
  11 fungi
  11 plants
  10 starspawn tentacles (Abyss:2)
32 creatures vanquished.

Grand Total: 409 creatures vanquished

Notes
Turn   | Place    | Note
-------+----------+-------------------------------------------
     0 | D:1      | mistaj the Formicid Fighter began the quest for the Orb.
     0 | D:1      | Reached XP level 1. HP: 18/18 MP: 1/1
    66 | D:1      | Reached XP level 2. HP: 20/24 MP: 2/2
   562 | D:1      | Reached XP level 3. HP: 24/29 MP: 3/3
   619 | D:1      | Reached skill level 4 in Shields
  1299 | D:1      | Got the Disquisition on Transmutation and Translocation
  1454 | D:1      | You fall into a shaft and drop 1 floor!
  1630 | D:2      | Noticed a scorpion
  1673 | D:2      | Found a faded altar of an unknown god.
  1684 | D:2      | Reached XP level 4. HP: 37/37 MP: 4/4
  1685 | D:2      | Identified the +3 ring mail of the Gloaming {Will+ Regen+
                  | Int+4}
  1756 | D:2      | Killed a scorpion
  1757 | D:2      | Reached XP level 5. HP: 30/42 MP: 3/5
  1891 | D:2      | Found a shimmering altar of Xom.
  1912 | D:2      | Noticed Sigmund
  2604 | D:3      | Reached XP level 6. HP: 49/49 MP: 6/6
  2773 | D:3      | Found an ornate altar of the Wu Jian Council.
  3320 | D:4      | Reached skill level 5 in Shields
  3470 | D:4      | Noticed an orc warrior
  3607 | D:4      | Found Epicob's Book Emporium.
  3869 | D:4      | Noticed Edmund
  3888 | D:4      | Killed Edmund
  3889 | D:4      | Reached skill level 5 in Axes
  3889 | D:4      | Reached XP level 7. HP: 45/55 MP: 4/7
  4113 | D:3      | Reached skill level 5 in Fighting
  4113 | D:3      | Reached skill level 1 in Maces & Flails
  4113 | D:3      | Reached skill level 6 in Shields
  4402 | D:4      | Noticed Ijyb
  4423 | D:4      | Killed Ijyb
  4499 | D:5      | Entered Level 5 of the Dungeon
  4707 | D:5      | Found a sand-covered staircase.
  4718 | Ossuary  | Entered an ossuary
  4755 | Ossuary  | Reached XP level 8. HP: 62/62 MP: 8/8
  4772 | Ossuary  | Reached skill level 7 in Shields
  4961 | Ossuary  | Reached skill level 8 in Shields
  5062 | D:5      | Found a staircase to the Ecumenical Temple.
  5064 | D:5      | Identified the +1 buckler of Watchfulness {rC+ Will+ Int+3}
  5078 | Temple   | Entered the Ecumenical Temple
  5147 | Temple   | Became a worshipper of the Shining One
  5241 | D:5      | Reached XP level 9. HP: 67/69 MP: 9/9
  5439 | D:5      | Identified the +2 ring mail "Zeshrum" {rCorr}
  5961 | D:5      | Found Archom Buba's Weapon Emporium.
  6311 | D:2      | Killed Sigmund
  6453 | D:6      | Found a stormy altar of Qazlal.
  6535 | D:6      | Reached skill level 9 in Shields
  6571 | D:6      | Found a hide-covered altar of Uskayaw.
  6767 | D:6      | Reached skill level 10 in Shields
  7295 | D:7      | Reached XP level 10. HP: 71/79 MP: 8/10
  7423 | D:7      | Reached * piety under the Shining One
  7563 | D:7      | Noticed Menkaure
  7589 | D:7      | Killed Menkaure
  7777 | D:7      | Found Niyq's Assorted Antiques.
  7821 | D:7      | Found an ancient bone altar of Kikubaaqudgha.
  7935 | D:7      | Noticed Prince Ribbit
  7957 | D:7      | Killed Prince Ribbit
  8250 | D:8      | Reached skill level 11 in Shields
  8385 | D:8      | Noticed Maggie
  8665 | D:8      | Killed Maggie
  8914 | D:8      | Found a shimmering altar of Xom.
  9125 | D:9      | Found Yty Ocerch's Assorted Antiques.
  9287 | D:9      | Reached ** piety under the Shining One
  9297 | D:9      | Noticed a two-headed ogre
  9316 | D:9      | Killed a two-headed ogre
  9317 | D:9      | Reached skill level 12 in Shields
  9317 | D:9      | Reached XP level 11. HP: 72/87 MP: 11/11
  9423 | D:9      | Noticed Grum
  9430 | D:9      | Killed Grum
  9547 | D:9      | Found an iron altar of Okawaru.
  9550 | D:9      | Found a burning altar of Makhleb.
  9553 | D:9      | Found a hazy altar of Hepliaklqana.
  9556 | D:9      | Found a basalt altar of Yredelemnul.
  9754 | D:10     | Entered Level 10 of the Dungeon
  9828 | D:10     | Noticed a two-headed ogre
  9839 | D:10     | Killed a two-headed ogre
  9868 | D:10     | Found a staircase to the Lair.
  9915 | D:10     | Reached skill level 13 in Shields
  9950 | D:10     | Reached skill level 10 in Axes
 10075 | D:10     | Noticed a two-headed ogre
 10224 | D:10     | Killed a two-headed ogre
 10571 | D:10     | Found a staircase to the Orcish Mines.
 10717 | Lair:1   | Entered Level 1 of the Lair of Beasts
 10717 | Lair:1   | Noticed Urug
 10774 | D:10     | HP: 2/89 [Urug/+3 eveningstar (17)]
 10780 | D:10     | Killed Urug
 10781 | D:10     | Reached XP level 12. HP: 35/97 MP: 12/12
 10786 | D:10     | Identified a scroll of acquirement
 10786 | D:10     | Acquired 858 gold pieces
 10915 | D:5      | Bought the +10 battleaxe of the Building Blowfly {vorpal,
                  | rPois rF- Int+3} for 912 gold pieces
 11054 | Lair:1   | Reached skill level 14 in Shields
 11178 | D:7      | Bought a twisted steel ring for 105 gold pieces
 11290 | Lair:1   | Reached skill level 10 in Fighting
 11339 | Lair:1   | Noticed Fannar
 11345 | Lair:1   | Killed Fannar
 11387 | Lair:1   | Reached *** piety under the Shining One
 11488 | Lair:1   | Noticed a seven-headed hydra
 11498 | Lair:1   | Killed a two-headed hydra
 11499 | Lair:1   | Reached skill level 15 in Shields
 11540 | Lair:1   | Noticed an eight-headed hydra
 11994 | Lair:2   | Found a hole to the Spider Nest.
 12091 | Lair:2   | Reached XP level 13. HP: 104/104 MP: 13/13
 12554 | Lair:2   | Noticed Sonja
 12564 | Lair:2   | Cast into level 1 of the Abyss (Sonja)
 12565 | Abyss:1  | Found a corrupted altar of Lugonu.
 12575 | Abyss:2  | Found a basalt altar of Yredelemnul.
 12743 | Abyss:2  | Noticed a tentacled starspawn
 12795 | Abyss:2  | Killed from afar by a hellion

Illustrated notes

Levels and vault maps discovered:
D:1:      amcnicky_arrival_choice, layout_loops_cross
D:2:      layout_rooms, chequers_ecumenical_altar_simple, basic_altar,
          minmay_tetromino_i4, uniq_sigmund
D:3:      layout_loops_ring, amcnicky_altar_gilded, dreamdust_mushroom_princess,
          grunt_ministairs_15
D:4:      layout_loops_corners, serial_shops, shop, uniq_edmund, uniq_ijyb
D:5:      layout_basic, minmay_temple_entry_waves, chequers_ossuary_entry_cave,
          serial_shops, kennysheep_mini_moat, serial_bayou_pond_c
D:6:      layout_basic, grunt_qazlal_clouds, overflow_temple_1_default
D:7:      layout_loops_cross, mainiacjoe_overflow_alcove_4, serial_shops,
          nicolae_shop_statue_plus, uniq_prince_ribbit1, uniq_menkaure
D:8:      layout_cave_pools, general_overflow_altar, uniq_maggie
D:9:      layout_cave_pools, grunt_temple_overflow_cloverleaf,
          serial_gnoll_camp, gnoll_camp_mini_house, grums_kennel,
          gnoll_camp_mini_hut, gnoll_camp_mini_shop, gnoll_camp_mini_hut
D:10:     layout_cave_pools, lair_entry_dummy, erik_orc_2, serial_park,
          serial_park_square1 [serial_park_minivault_5x5_2], serial_park_gazebo
          [serial_park_minivault_5x5_8], serial_park_square3
          [serial_park_minivault_5x5_1]
Temple:   nicolae_temple_god_jail
Lair:1:   layout_hall_layers, nzn_random_ring, uniq_grum, uniq_urug, uniq_fannar
Lair:2:   layout_cave_shapes, spider_nest_entry_a, uniq_sonja
Abyss:2:  base: D:11, base: D:1, hangedman_abyss_or_decor_stabs,
          hangedman_abyss_batty_box, hangedman_shadowy_showcase, minivault_27

Skill      XL: |  1  2  3  4  5  6  7  8  9 10 11 12 13 |
---------------+----------------------------------------+-----
Shields        | 4 5 6 8 10 12 13 15 | 15.7
Axes           | 3 4 5 7 9 10 12 | 12.5
Fighting       | 4 5 6 7 8 9 10 | 10.5
Maces & Flails | 2 4 |  4.9
Armour         | 4 |  4.2

Action                   |  1- 3 |  4- 6 |  7- 9 | 10-12 | 13-15 || total
-------------------------+-------+-------+-------+-------+-------++-------
Melee: War axe           |   102 |   150 |       |       |       ||   252
       Dire flail        |       |       |   438 |   468 |       ||   906
       Battleaxe         |       |       |       |    96 |    48 ||   144
       Halberd           |       |       |       |     5 |       ||     5
 Abil: Dig               |       |       |       |    12 |     2 ||    14
  Use: Scroll            |       |       |    19 |     3 |       ||    22
       Potion            |       |       |       |     2 |       ||     2
Armor: Scale mail        |    32 |       |       |       |       ||    32
       Plate armour      |    36 |       |       |       |       ||    36
       Ring mail         |       |    69 |   158 |    96 |    19 ||   342
Dodge: Dodged            |    64 |    72 |    82 |   157 |    33 ||   408
Block: Buckler           |    18 |    20 |       |       |       ||    38
       Tower shield      |       |    58 |   292 |   478 |    86 ||   914

Table legend: (Time is in decaauts)
 A = Elapsed time spent in this place.
 B = Non-inter-level travel time spent in this place.
 C = Inter-level travel time spent in this place.
 D = Time resting spent in this place.
 E = Time spent auto-exploring this place.
 F = Levels seen in this place.
 G = Mean time per level.
                   A        B        C        D        E       F      G
               +--------+--------+--------+--------+--------+-----+--------+
         Total |  13139 |  12104 |   1035 |   2350 |   4908 |  16 |  821.2 |
       Dungeon |  11065 |  10045 |   1020 |   2083 |   4180 |  10 | 1106.5 |
        Temple |     74 |     74 |      0 |      0 |     23 |   1 |   74.0 |
          Lair |   1408 |   1393 |     15 |    267 |    704 |   2 |  704.0 |
         Abyss |    235 |    235 |      0 |      0 |      0 |   2 |  117.5 |
       Ossuary |    356 |    356 |      0 |      0 |      0 |   1 |  356.0 |
               +--------+--------+--------+--------+--------+-----+--------+

Top non-repeatable levels by time:
     D:1: 1962 daAuts
     D:4: 1321 daAuts
     D:5: 1128 daAuts
    D:10: 1127 daAuts
     D:3: 1013 daAuts
     D:7: 963 daAuts
     D:8: 936 daAuts
     D:6: 923 daAuts
     D:9: 849 daAuts
     D:2: 838 daAuts
  Lair:1: 829 daAuts
  Lair:2: 578 daAuts
 Ossuary: 356 daAuts
 Abyss:2: 229 daAuts
  Temple: 74 daAuts
